 Dungeon Crawl Stone Soup version 0.15.0-14-g6bbbb5c (webtiles) character file.

331 Kashira the Sneak (level 6, -2/52 HPs)
             Began as a Naga Enchanter on Sept 5, 2014.
             Was an Initiate of Qazlal.
             Slain by an ogre
             ... wielding a +0 giant spiked club
              (19 damage)
             ... on Level 4 of the Dungeon.
             The game lasted 00:21:06 (4035 turns).

Kashira the Sneak (Naga Enchanter)                  Turns: 4035, Time: 00:21:06

HP  -2/52        AC  6     Str 10      XL: 6   Next: 52%
MP   2/13        EV 11     Int 17      God: Qazlal [......]
Gold 216         SH  0     Dex 12      Spells:  4 memorised,  1 level left

rFire  . . .     SeeInvis +     o - +2 short sword (venom)
rCold  . . .     Clarity  .     b - +2 robe
rNeg   . . .     rCorr    .     (no shield)
rPois  +         rRot     .     u - +0 helmet
rElec  .         Spirit   .     (no cloak)
SustAb .         Warding  .     (no gloves)
rMut   .         Stasis   .     (no barding)
Gourm  .                        (no amulet)
MR     .....                    (no ring)
                                (no ring)

@: confused, flying, very slow, not resistant to hostile enchantments, very
unstealthy
A: spit poison, see invisible, deformed body, poison resistance, slowness 2, AC
+2
a: Spit Poison, Renounce Religion


You were on level 4 of the Dungeon.
You worshipped Qazlal.
Qazlal was noncommittal.
You were very hungry.

You visited 2 branches of the dungeon, and saw 5 of its levels.
You also visited: Sewer.

You collected 216 gold pieces.

Inventory:

Hand weapons
 a - a +1 dagger
 i - a +0 antimagic mace
 o - a +2 short sword of venom (weapon)
 B - a +0 short sword
Armour
 b - a +2 robe (worn)
 u - a +0 helmet (worn)
 A - the +10 scale mail of Birdsong {rElec}
   (You found it on level 4 of the Dungeon)

   It insulates you from electricity.
Comestibles
 d - 2 bread rations
 h - 2 meat rations
 k - 2 beef jerkies
 m - a royal jelly
Scrolls
 e - a scroll of fog {unknown}
 f - 2 scrolls of enchant armour
 g - 4 scrolls of remove curse
 n - 2 scrolls of teleportation
 v - a scroll of amnesia {unknown}
 x - a scroll of identify
Jewellery
 y - an uncursed ring of invisibility {unknown}
Potions
 j - 2 potions of restore abilities {unknown}
 l - a potion of confusion
 p - 2 potions of flight
 q - a potion of lignification {unknown}
 r - 2 potions of agility {unknown}
 s - 2 potions of poison {unknown}
 t - a potion of magic {unknown}
 w - 2 potions of cancellation {unknown}
Books
 c - a book of Maledictions

   Spells                             Type                      Level
   *Corona                            Hexes                        1
   Sure Blade                         Hexes/Charms                 2
   Ensorcelled Hibernation            Hexes/Ice                    2
   *Confuse                           Hexes                        3
   *Dazzling Spray                    Conjuration/Hexes            3
   *Enslavement                       Hexes                        4


   Skills:
 + Level 2.0 Fighting
 - Level 1.0 Short Blades
 + Level 3.2 Dodging
 - Level 4.4 Stealth
 + Level 3.7 Spellcasting
 + Level 1.4 Conjurations
 + Level 4.1 Hexes


You had one spell level left.
You knew the following spells:

 Your Spells              Type           Power        Failure   Level  Hunger
a - Corona                Hex            ###....      2%          1    None
b - Dazzling Spray        Conj/Hex       ##......     17%         3    ###....
c - Confuse               Hex            ###.....     10%         3    ###....
d - Enslavement           Hex            ###.....     30%         4    ####...


Dungeon Overview and Level Annotations

Branches:
Dungeon (4/15)             Temple (1/1) D:4

Altars:
Ashenzari
Cheibriados
Dithmenos
Makhleb
Qazlal
Xom


Innate Abilities, Weirdness & Mutations

You cannot wear boots.
You can spit poison.
Your serpentine skin is tough (AC +2).
You have supernaturally acute eyesight.
Armour fits poorly on your strangely shaped body.
Your system is resistant to poisons.
You cover ground very slowly.


Message History

Casting: Confuse
Confirm with . or Enter, or press ? or * to list all spells.
Aiming: Confuse
Press: ? - help, Shift-Dir - straight line, f/p - ogre
Aim: an ogre, wielding a giant spiked club The ogre resists.
The ogre hits you with a giant spiked club!!
Ouch! That really hurt!
Read which item? (? for menu, Esc to quit)
Okay, then.
Drink which item? (? for menu, Esc to quit)
You are confused.
It was a potion of confusion.
Drink which item? (? for menu, Esc to quit)
You feel very buoyant.
You fly up into the air.
It was a potion of flight.
The ogre closely misses you.
Ouch!
The ogre hits you with a giant spiked club!!
You die...

.#....>...........#...#
.+................##'##
.#.....................
+#.....................#
.......................#
.......>...............#
...........#####+#.....#
..##'#######.....#.....#
..#.......+.....@O.....#
###.......#......#.....#
..........#......#.....#
..........#......+.....#
..........#......#.....#
..........#......#.....#
.########'######'#.....#
.#.[...................#
#.....................#


You could see an ogre.

Vanquished Creatures
  3 worker ants (D:4)
  A green rat (D:3)
  4 adders
  4 giant mites
  11 worms
  3 giant geckos
  5 oozes
  8 orcs
  2 giant cockroaches
  9 goblins
  7 hobgoblins
  4 jackals (Sewer)
  17 kobolds
  5 quokkas
  4 ball pythons
  14 bats
  3 giant newts
  A hobgoblin skeleton (D:4)
  14 rats
  A rat skeleton (D:4)
120 creatures vanquished.

Vanquished Creatures (others)
  A plant (D:1)
1 creature vanquished.

Grand Total: 121 creatures vanquished

Notes
Turn   | Place    | Note
--------------------------------------------------------------
     0 | D:1      | Kashira, the Naga Enchanter, began the quest for the Orb.
     0 | D:1      | Reached XP level 1. HP: 15/15 MP: 3/3
   287 | D:1      | Reached XP level 2. HP: 19/22 MP: 2/4
  1111 | D:1      | Reached XP level 3. HP: 30/30 MP: 4/6
  1116 | D:1      | Learned a level 3 spell: Dazzling Spray
  1143 | D:2      | Found a snail-covered altar of Cheibriados.
  1324 | D:2      | Found a shattered altar of Ashenzari.
  1662 | D:3      | Reached XP level 4. HP: 28/37 MP: 8/8
  1744 | D:3      | Found a glowing drain.
  1780 | D:3      | Reached skill level 1 in Fighting
  1866 | Sewer    | Entered a sewer
  1869 | Sewer    | Reached XP level 5. HP: 28/44 MP: 1/11
  2897 | D:3      | Learned a level 3 spell: Confuse
  2938 | D:3      | Reached skill level 1 in Conjurations
  3410 | D:4      | Reached XP level 6. HP: 52/52 MP: 13/13
  3443 | D:4      | Got an encrusted scale mail
  3457 | D:4      | Identified the cursed +10 scale mail of Birdsong {rElec} (You found it on level 4 of the Dungeon)
  3513 | D:4      | Found a staircase to the Ecumenical Temple.
  3525 | Temple   | Entered the Ecumenical Temple
  3599 | Temple   | Became a worshipper of Qazlal Stormbringer
  3649 | D:4      | Paralysed by miscasting Dazzling Spray for 3 turns
  3775 | D:4      | Noticed an ogre
  3945 | D:4      | Learned a level 4 spell: Enslavement
  4035 | D:4      | Slain by an ogre

Action                   |  1- 3 |  4- 6 || total
-------------------------+-------+-------++-------
Melee: Dagger            |    34 |       ||    34
       Short sword       |    47 |   163 ||   210
 Cast: Corona            |    12 |     2 ||    14
       Dazzling Spray    |       |    17 ||    17
       Confuse           |       |     4 ||     4
 Abil: Spit Poison       |    34 |    61 ||    95
  Use: Scroll            |     5 |     5 ||    10
       Potion            |     1 |     2 ||     3
 Stab: Sleeping          |     8 |     8 ||    16
  Eat: Chunk             |     4 |    10 ||    14
       Bread ration      |       |     1 ||     1
